 Dungeon Crawl Stone Soup version 0.31-a0-865-g3d5d91748a (webtiles) character file.

Game seed: 13189079331360254796

2245 particleface the Cleaver (level 9, -3/59 HPs)
             Began as a Formicid Air Elementalist on Oct 10, 2023.
             Was a Priest of Okawaru.
             Slain by Maggie the warg (13 damage)
             ... on level 8 of the Dungeon.
             The game lasted 00:12:26 (7421 turns).

particleface the Cleaver (FoAE)                     Turns: 7421, Time: 00:12:26

Health: -3/59      AC: 10    Str: 15    XL:     9   Next: 63%
Magic:  12/12      EV: 11    Int: 23    God:    Okawaru [***...]
Gold:   174        SH:  0    Dex: 14    Spells: 5/12 levels left

rFire   . . .        h - +5 battleaxe (venom)
rCold   . . .        (no shield)
rNeg    . . .        f - +3 ring mail
rPois   .            (helmet unavailable)
rElec   .            q - +0 cloak
rCorr   .            j - +0 pair of gloves
SInv    +            (no boots)
Will    .....        (no amulet)
Stlth   +            t - +6 ring of intelligence
HPRegen 0.29/turn    (no ring)
MPRegen 0.13/turn

%: no passive effects
@: no status effects
A: permanent stasis, dig shafts and tunnels, antennae 3, four strong arms
a: Dig, Shaft Self, Renounce Religion, Heroism


You were on level 8 of the Dungeon.
You worshipped Okawaru.
Okawaru was most pleased with you.
You visited 2 branches of the dungeon, and saw 9 of its levels.

You collected 262 gold pieces.
You spent 88 gold pieces at shops.

Inventory:

Hand Weapons
 e - a +0 dagger
   (You took it off a kobold on level 1 of the Dungeon)
 h - a +5 battleaxe of venom (weapon)
   (You acquired it on level 3 of the Dungeon)
 l - a +1 short sword
   (You took it off a kobold on level 1 of the Dungeon)
 p - the +1 long sword "Kumuiriy" {flame, rF- rC- Str+8 Stlth+}
   (You found it on level 4 of the Dungeon)

   Str+8:     It affects your strength (+8).
   rF-:       It makes you vulnerable to fire.
   rC-:       It makes you vulnerable to cold.
   Stlth+:    It makes you more stealthy.
 w - a +2 flail of draining
   (You took it off Edmund on level 6 of the Dungeon)
Armour
 f - a +3 ring mail (worn)
   (You found it on level 2 of the Dungeon)
 j - a +0 pair of gloves (worn)
   (You found it on level 4 of the Dungeon)
 q - a +0 cloak (worn)
   (You found it on level 3 of the Dungeon)
 A - a scarf of resistance
   (You found it on level 7 of the Dungeon)
Magical Staves
 m - a staff of cold {rC+}
   (You found it on level 1 of the Dungeon)
Jewellery
 a - a ring of ice {rC+, rF-}
   (You found it on level 3 of the Dungeon)
 t - a +6 ring of intelligence (left hand)
   (You found it on level 5 of the Dungeon)
Scrolls
 d - 2 scrolls of fear
 g - 3 scrolls of enchant weapon
 i - 2 scrolls of silence
 n - 2 scrolls of fog
 o - 2 scrolls of revelation
 v - a scroll of amnesia {unknown}
 x - a scroll of identify {@r1}
Potions
 b - a potion of magic
 c - a potion of enlightenment
 k - 2 potions of brilliance
 r - a potion of lignification {unknown}
 s - 4 potions of curing {@q1, !d}
 u - a potion of ambrosia {unknown}
 z - a potion of cancellation {unknown}


   Skills:
 + Level 1.5 Fighting
 - Level 11.3 Axes
 - Level 1.7 Dodging
 - Level 2.4 Stealth
 - Level 2.1 Spellcasting
 - Level 3.0 Conjurations
 - Level 2.6 Air Magic
 + Level 1.1 Invocations


You had 5 spell levels left.
You knew the following spells:

 Your Spells              Type           Power      Damage    Failure   Level
a - Shock                 Conj/Air       60%        1d6       8%          1
b - Static Discharge      Conj/Air       30%        2-4/arc   12%         2
c - Airstrike             Air            7%         2d(1-17)  63%         4

Your spell library contained the following spells:

 Spells                   Type           Power      Damage    Failure   Level
 Magic Dart               Conj           64%        1d6       8%          1
 Searing Ray              Conj           32%        2d5       11%         2
 Slow                     Hex            8%         N/A       26%         1
 Mephitic Cloud           Conj/Pois/Air  11%        N/A       34%         3
 Lesser Beckoning         Tloc           4%         N/A       36%         2
 Confusing Touch          Hex            2%         N/A       58%         3
 Gell's Gravitas          Tloc           2%         N/A       58%         3
 Sigil of Binding         Hex            2%         N/A       58%         3
 Teleport Other           Tloc           2%         N/A       58%         3
 Vampiric Draining        Necr           2%         2d6       58%         3
 Fulminant Prism          Conj/Hex       4%         3d5       80%         4
 Swiftness                Air            Unusable   N/A       N/A         3
 Call Imp                 Summ           Unusable   N/A       N/A         2

Dungeon Overview and Level Annotations

Branches:
Dungeon (8/15)             Temple (1/1) D:4
   Lair: D:8-11

Altars:
Cheibriados
Dithmenos
Elyvilon
Fedhas
Kikubaaqudgha
Nemelex Xobeh
Okawaru
Ru
Sif Muna
Trog
Xom
Yredelemnul
Zin
The Shining One

Shops:
D:4 *   D:6 **   D:7 [

Annotations:
D:4 Pargi
D:5 Ijyb
D:6 1 runed translucent door, Kurtz's ghost, novice NaDe
D:8 Maggie


Innate Abilities, Weirdness & Mutations

You cannot be hasted, slowed, berserked, paralysed or teleported.
You can dig through walls and to a lower floor.
You have a pair of large antennae on your head. (SInv)
Your four strong arms can wield two-handed weapons with a shield.


Message History

Unknown command.
You hit the orc priest.
The orc priest is poisoned.
You slash the orc priest!
You kill the orc priest!
Okawaru accepts your kill.
Unknown command.
The orc wizard points at you and mumbles some strange words.
You easily resist.
The orc hits you from afar with a +0 trident.
You take 3 damage, and have 48/59 hp.
You slash the orc wizard!
You kill the orc wizard!
Okawaru accepts your kill. The orc hits you but does no damage.
The orc priest casts a cantrip, but nothing happens.
Unknown command.
The orc barely misses you.
The orc priest hits you but does no damage.
Things that are here:
a +0 dagger; a +0 robe You slash the orc priest!
The orc priest looks as sick as possible!
You hit the orc.
The orc is poisoned.
You barely miss the orc. The orc closely misses you. x2
The orc priest hits you with a +0 short sword.
You slice the orc priest!!
You kill the orc priest!
Okawaru accepts your kill.
You closely miss the orc. You slash the orc!
You kill the orc!
Okawaru accepts your kill. The orc misses you.
Your Invocations skill increases to level 1!
Unknown command.
You barely miss the orc. The orc misses you.
You barely miss the orc. The orc hits you with a +0 trident.
You take 2 damage, and have 46/59 hp.
Unknown command.
You barely miss the orc.
You kill the orc!
Okawaru accepts your kill.
Unknown command.
Maggie the Vainglorious comes into view.
She is wielding a +1 halberd of flaming.
Health restored: 59 Maggie gestures at you while chanting.
The bolt of fire hits you!!
You take 29 damage, and have 30/59 hp.
MASSIVE DAMAGE!!
Maggie is nearby!
Maggie is nearby!
Maggie is nearby!
Maggie is nearby!
There is a stone staircase leading up here.
You climb upwards.
There is a stone staircase leading down here.
Unknown command.
You start resting.
Health restored: 59 You climb downwards.
Level annotation: Maggie
There is a stone staircase leading up here.
Unknown command.
Aiming: Polymorph
Press: ? - help, Shift-Dir - straight line, f - Maggie
Aim: Maggie, wielding a +1 halberd of flaming and wearing +0 steam dragon scales (will become an iguana, a warg, or a cane toad, chance to affect: 49%) Maggie resists with some effort.
Maggie hits you from afar with a +1 halberd of flaming.
Maggie burns you.
You take 7 damage, and have 52/59 hp.
Aiming: Polymorph
Press: ? - help, Shift-Dir - straight line, f/p - Maggie
Aim: Maggie, wielding a +1 halberd of flaming and wearing +0 steam dragon scales (will become an iguana, a warg, or a cane toad, chance to affect: 49%) Maggie resists with some effort.
Maggie casts a spell.
Maggie attempts to bespell you!
You easily resist.
Aiming: Polymorph
Press: ? - help, Shift-Dir - straight line, f/p - Maggie
Aim: Maggie, wielding a +1 halberd of flaming and wearing +0 steam dragon scales (will become an iguana, a warg, or a cane toad, chance to affect: 49%) Maggie evaporates and reforms as a warg!
The now-empty wand crumbles to dust.
You slice Maggie!! Maggie bites you.
You take 6 damage, and have 46/59 hp.
You barely miss Maggie. Maggie bites you. Maggie bites you!
You take 12 damage, and have 34/59 hp.
MASSIVE DAMAGE!!
Unknown command.
You hit Maggie. Maggie bites you.
You take 6 damage, and have 28/59 hp.
You hit Maggie. Maggie bites you! x2
* * * LOW HITPOINT WARNING * * *
You take 15 damage, and have 13/59 hp.
MASSIVE DAMAGE!!
You are too injured to fight recklessly!
You are too injured to fight recklessly!
You are too injured to fight recklessly!
You are too injured to fight recklessly!
You hit Maggie. Maggie closely misses you.
You miss Maggie. You punch Maggie, but do no damage.
Maggie stops to sniff the ground.
Maggie bites you.
* * * LOW HITPOINT WARNING * * *
Maggie bites you!
You die...

..... ..... ......
......
##########.........
...
...#..............
....
#.#.#............
.....#)....@#
......#
......)[...h#
.......
.....#[..).)##
....... ...
###.....##....... .
#.)..#..........
##...#..........
#..............
##............#
...............


You could see Maggie the warg.

Vanquished Creatures
  Edmund (D:6)
  An acid dragon (D:7)
  A water moccasin (D:6)
  2 orc warriors (D:7)
  2 ogres (D:5 D:6)
  A centaur (D:6)
  2 bullfrogs (D:6 D:7)
  A gnoll sergeant (D:5)
  2 scorpions (D:4 D:6)
  5 killer bees (D:5)
  3 jellies (D:4 D:6)
  5 orc priests (D:6 D:8)
  A hound (D:5)
  2 sleepcaps (D:6 D:7)
  5 iguanas (D:2 D:5 D:6)
  7 orc wizards (D:3 D:4 D:6 D:7 D:8)
  16 gnolls (D:3 D:4 D:5)
  5 adders (D:5 D:6)
  2 shadow imps (D:5 D:6)
  2 white imps (D:6)
  2 ufetubi (D:6)
  A worm (D:4)
  4 dart slugs (D:1 D:2 D:4 D:5)
  18 orcs (D:3 D:4 D:6 D:7 D:8)
  4 ball pythons (D:1 D:3 D:4)
  3 endoplasms (D:2 D:3 D:4)
  6 giant cockroaches (D:1 D:2 D:4)
  3 goblins (D:1 D:3 D:4)
  4 hobgoblins (D:1 D:2 D:4)
  2 jackals (D:3)
  2 quokkas (D:2 D:4)
  5 frilled lizards (D:1 D:2 D:3)
  9 kobolds (D:1 D:2 D:3 D:4)
  3 rats (D:2 D:3)
132 creatures vanquished.

Notes
Turn   | Place    | Note
-------+----------+-------------------------------------------
     0 | D:1      | particleface the Formicid Air Elementalist began the quest
                  | for the Orb.
     0 | D:1      | Reached XP level 1. HP: 13/13 MP: 3/3
    41 | D:1      | Reached skill level 1 in Conjurations
   142 | D:1      | HP: 5/13 [hobgoblin (3)]
   146 | D:1      | HP: 2/13 [hobgoblin (1)]
   148 | D:1      | Reached XP level 2. HP: 4/19 MP: 0/5
   352 | D:1      | Reached skill level 2 in Conjurations
   355 | D:1      | Learned a level 2 spell: Static Discharge
   860 | D:2      | Reached skill level 1 in Fighting
   860 | D:2      | Reached XP level 3. HP: 24/26 MP: 0/6
  1417 | D:2      | HP: 13/26 [iguana (4)]
  1427 | D:2      | Reached skill level 3 in Conjurations
  1427 | D:2      | Reached XP level 4. HP: 25/32 MP: 0/7
  1432 | D:2      | Learned a level 4 spell: Airstrike
  1720 | D:3      | Identified a scroll of acquirement
  1722 | D:3      | Acquired a +5 battleaxe of venom
  1751 | D:3      | Reached skill level 1 in Axes
  1793 | D:3      | Found a sparkling altar of Nemelex Xobeh.
  2063 | D:3      | Reached XP level 5. HP: 37/37 MP: 5/8
  2096 | D:3      | Reached skill level 2 in Axes
  2096 | D:3      | HP: 17/34 [gnoll/+0 flail (10)]
  2786 | D:4      | Reached skill level 3 in Axes
  2820 | D:4      | Reached skill level 4 in Axes
  2820 | D:4      | Reached XP level 6. HP: 43/43 MP: 9/9
  2826 | D:4      | Found a staircase to the Ecumenical Temple.
  2845 | Temple   | Entered the Ecumenical Temple
  2857 | Temple   | Became a worshipper of Warmaster Okawaru
  2882 | D:4      | Identified the +1 long sword "Kumuiriy" {flame, rF- rC-
                  | Str+8 Stlth+}
  2899 | D:4      | Noticed Pargi
  2970 | D:4      | Reached skill level 5 in Axes
  3156 | D:4      | HP: 17/43 [gnoll/+0 spear (6)]
  3159 | D:4      | Reached XP level 7. HP: 10/48 MP: 10/10
  3319 | D:4      | Found Vaseab's General Store.
  3327 | D:4      | Bought a scroll of identify for 22 gold pieces
  3327 | D:4      | Bought a potion of curing for 33 gold pieces
  3327 | D:4      | Bought a scroll of teleportation for 33 gold pieces
  3500 | D:4      | Found a sacrificial altar of Ru.
  3578 | D:5      | Entered Level 5 of the Dungeon
  3790 | D:5      | Reached skill level 6 in Axes
  3793 | D:5      | Reached * piety under Okawaru
  3800 | D:5      | HP: 24/48 [killer bee (3)]
  3803 | D:5      | HP: 9/48 [poisoned by a killer bee]
  3803 | D:5      | HP: 4/48 [killer bee (5)]
  3808 | D:5      | HP: 15/48 [killer bee (1)]
  3813 | D:5      | HP: 8/48 [poisoned by a killer bee]
  3868 | D:5      | HP: 20/48 [hound (3)]
  3974 | D:5      | Reached skill level 7 in Axes
  4048 | D:5      | Reached XP level 8. HP: 26/51 MP: 11/11
  4304 | D:5      | Reached skill level 8 in Axes
  4418 | D:5      | Noticed Ijyb
  5127 | D:6      | Found Etiy's Elemental Accessories.
  5143 | D:6      | Found Usadocsi's Mayhem Merchandise.
  5151 | D:6      | Reached skill level 9 in Axes
  5219 | D:6      | Reached ** piety under Okawaru
  5399 | D:6      | Reached XP level 9. HP: 52/59 MP: 6/12
  5717 | D:6      | Noticed Edmund
  5724 | D:6      | Killed Edmund
  5725 | D:6      | Reached skill level 10 in Axes
  5779 | D:6      | Found a runed translucent door.
  5780 | D:6      | Noticed Kurtz's ghost (novice NaDe)
  6053 | D:7      | HP: 28/59 [orc wizard/+0 dagger (2)]
  6713 | D:7      | Found a snail-covered altar of Cheibriados.
  6713 | D:7      | Found Cheibriados's Comfort Zone.
  6767 | D:7      | Reached skill level 11 in Axes
  7258 | D:8      | Reached skill level 1 in Invocations
  7260 | D:8      | Reached *** piety under Okawaru
  7310 | D:8      | Noticed Maggie
  7415 | D:8      | Maggie changed into Maggie the warg
  7415 | D:8      | Noticed Maggie
  7418 | D:8      | HP: 28/59 [Maggie the warg (6)]
  7419 | D:8      | HP: 13/59 [Maggie the warg (8)]
  7421 | D:8      | Slain by Maggie the warg

Illustrated notes

Levels and vault maps discovered:
D:1:      evilmike_arrival_crescent, layout_basic
D:2:      layout_basic
D:3:      layout_basic, mainiacjoe_overflow_small_starburst
D:4:      layout_cave_pools, nicolae_ru_the_path_less_chosen,
          minmay_temple_entry_mini_moons, serial_shops, shop,
          grunt_ministairs_7, uniq_pargi
D:5:      layout_cave_pods, hex_large, minivault_24, uniq_ijyb
D:6:      layout_loops_ring, gammafunk_ghost_grave, nicolae_elemental_shop,
          minmay_shop_mayhem, uniq_edmund
D:7:      layout_basic, minmay_misc_feat_diagonals, minmay_shop_chei,
          corexii_item_surrounded_by_moat
D:8:      layout_cave_pools, nicolae_hepliaklqana_hippocampus,
          mainiacjoe_overflow_concentric_impassable,
          mainiacjoe_overflow_divided_tiny, minivault_14, uniq_maggie,
          uniq_joseph
Temple:   hellmonk_temple_forest_ring

Skill      XL: |  1  2  3  4  5  6  7  8  9 |
---------------+----------------------------+-----
Conjurations   | 1 2 3 |  3.0
Fighting       | 1 |  1.5
Axes           | 1 4 5 7 9 11 | 11.3
Invocations    | 1 |  1.1
Dodging        | |  1.7
Stealth        | |  2.4
Spellcasting   | |  2.1
Air Magic      | |  2.6

Action                     |  1- 3 |  4- 6 |  7- 9 || total
---------------------------+-------+-------+-------++-------
  Melee: Dagger            |    12 |       |       ||    12
         Short sword       |    10 |       |       ||    10
         Punch             |     1 |       |     3 ||     4
         Battleaxe         |       |    69 |   172 ||   241
   Cast: Shock             |    62 |     7 |    35 ||   104
         Static Discharge  |       |       |     3 ||     3
 Invoke: Heroism           |       |       |     1 ||     1
Ability: Dig               |       |     1 |     1 ||     2
  Evoke: Wand              |       |       |     3 ||     3
    Use: Scroll            |     1 |     6 |     2 ||     9
         Potion            |     1 |     4 |     2 ||     7
   Stab: Sleeping          |       |     1 |       ||     1
 Armour: Robe              |    20 |    15 |       ||    35
         Ring mail         |       |    48 |   156 ||   204
  Dodge: Dodged            |    15 |    67 |   112 ||   194

Table legend: (Time is in decaauts)
 A = Elapsed time spent in this place.
 B = Non-inter-level travel time spent in this place.
 C = Inter-level travel time spent in this place.
 D = Time resting spent in this place.
 E = Time spent auto-exploring this place.
 F = Levels seen in this place.
 G = Mean time per level.
                   A        B        C        D        E       F      G
               +--------+--------+--------+--------+--------+-----+--------+
         Total |   7499 |   7267 |    232 |    607 |   5693 |   9 |  833.2 |
       Dungeon |   7475 |   7265 |    210 |    607 |   5693 |   8 |  934.4 |
        Temple |     23 |      1 |     22 |      0 |      0 |   1 |   23.0 |
               +--------+--------+--------+--------+--------+-----+--------+

Top non-repeatable levels by time:
     D:7: 1307 daAuts
     D:5: 1291 daAuts
     D:6: 1150 daAuts
     D:3: 1105 daAuts
     D:2: 846 daAuts
     D:1: 846 daAuts
     D:4: 846 daAuts
     D:8: 82 daAuts
  Temple: 23 daAuts

Levels and vault maps discovered:
D:1:      evilmike_arrival_crescent, layout_basic
D:2:      layout_basic
D:3:      layout_basic, mainiacjoe_overflow_small_starburst
D:4:      layout_cave_pools, nicolae_ru_the_path_less_chosen,
          minmay_temple_entry_mini_moons, serial_shops, shop,
          grunt_ministairs_7, uniq_pargi
D:5:      layout_cave_pods, hex_large, minivault_24, uniq_ijyb
D:6:      layout_loops_ring, gammafunk_ghost_grave, nicolae_elemental_shop,
          minmay_shop_mayhem, uniq_edmund
D:7:      layout_basic, minmay_misc_feat_diagonals, minmay_shop_chei,
          corexii_item_surrounded_by_moat
D:8:      layout_cave_pools, nicolae_hepliaklqana_hippocampus,
          mainiacjoe_overflow_concentric_impassable,
          mainiacjoe_overflow_divided_tiny, minivault_14, uniq_maggie,
          uniq_joseph
Temple:   hellmonk_temple_forest_ring

Table legend: (Time is in decaauts)
 A = Elapsed time spent in this place.
 B = Non-inter-level travel time spent in this place.
 C = Inter-level travel time spent in this place.
 D = Time resting spent in this place.
 E = Time spent auto-exploring this place.
 F = Levels seen in this place.
 G = Mean time per level.
                   A        B        C        D        E       F      G
               +--------+--------+--------+--------+--------+-----+--------+
         Total |   7499 |   7267 |    232 |    607 |   5693 |   9 |  833.2 |
       Dungeon |   7475 |   7265 |    210 |    607 |   5693 |   8 |  934.4 |
        Temple |     23 |      1 |     22 |      0 |      0 |   1 |   23.0 |
               +--------+--------+--------+--------+--------+-----+--------+

Top non-repeatable levels by time:
     D:7: 1307 daAuts
     D:5: 1291 daAuts
     D:6: 1150 daAuts
     D:3: 1105 daAuts
     D:2: 846 daAuts
     D:1: 846 daAuts
     D:4: 846 daAuts
     D:8: 82 daAuts
  Temple: 23 daAuts

Table legend:
 A = Kills in this place as a percentage of kills in the entire game.
 B = Kills by you in this place as a percentage of kills by you in the entire game.
 C = Kills by friends in this place as a percentage of kills by friends in the entire game.
 D = Other kills in this place as a percentage of other kills in the entire game.
 E = Experience gained in this place as a percentage of experience gained in the entire game.
 F = Experience gained in this place divided by the number of levels of this place that you have seen.
                   A       B       C       D       E      F
               +-------+-------+-------+-------+-------+----------------------
         Total | 100.0 | 100.0 |   N/A |   N/A | 100.0 | 356.4
       Dungeon | 100.0 | 100.0 |   N/A |   N/A | 100.0 | 401.0
               +-------+-------+-------+-------+-------+----------------------
